 Dungeon Crawl Stone Soup version 0.18-a0-1577-gf591c28 (webtiles) character file.

33 Duffy the Insei (level 3, 26/26 HPs)
             Began as a Demonspawn Transmuter on Mar 18, 2016.
             Quit the game on level 1 of the Dungeon.
             The game lasted 00:00:49 (1109 turns).

Duffy the Insei (Demonspawn Transmuter)             Turns: 1109, Time: 00:00:49

Health: 26/26      AC:  2    Str: 10    XL:     3   Next: 12%
Magic:  6/6        EV: 12    Int: 14    God:
Gold:   28         SH:  0    Dex: 14    Spells: 1 memorised, 5 levels left

rFire  . . .     SeeInvis .       - Unarmed
rCold  . . .     Gourm    .     b - +0 robe
rNeg   . . .     Faith    .     (no shield)
rPois  .         Spirit   +     (helmet restricted)
rElec  .         Dismiss  .     (no cloak)
rCorr  .         Reflect  .     (no gloves)
SustAt .         Harm     .     (no boots)
MR     .....                    q - amulet of guardian spirit
Stlth  +.........               (no ring)
                                (no ring)

@: not resistant to hostile enchantments, very unstealthy
A: antennae 1
a: no special abilities


You were on level 1 of the Dungeon.
You were hungry.

You visited 1 branch of the dungeon, and saw 1 of its levels.

You collected 28 gold pieces.


Innate Abilities, Weirdness & Mutations

You have a pair of small antennae on your head.


   Skills:
 - Level 1.0 Fighting
 - Level 1.7 Dodging
 + Level 3.2 Unarmed Combat
 - Level 2.0 Spellcasting
 + Level 2.6 Transmutations


You had 5 spell levels left.
You knew the following spells:

 Your Spells              Type           Power        Failure   Level  Hunger
a - Beastly Appendage     Trmt           #.....       10%         1    ##.....

Inventory:

Missiles
 a - 29 arrows
Armour
 b - a +0 robe (worn)
 m - a cursed +0 ring mail
Jewellery
 q - an amulet of guardian spirit (around neck)
Scrolls
 h - a scroll of amnesia {unknown}
 k - a scroll of remove curse {unknown}
 l - a scroll of recharging {unknown}
 n - a scroll of identify {unknown}
 o - a scroll of enchant armour {unknown}
 r - a scroll of random uselessness {unknown}
Potions
 e - a potion of curing {unknown}
 f - a potion of cancellation {unknown}
 g - a potion of magic {unknown}
 p - a potion of flight {unknown}
Books
 c - a book of Changes
Comestibles
 d - 2 bread rations
 i - a meat ration
 j - a beef jerky

Dungeon Overview and Level Annotations

Branches:
Dungeon (1/15)

Altars:


Message History

You completely miss the giant newt. The giant newt closely misses you.
You hit the giant newt. You punch the giant newt.
You kill the giant newt!
The gnoll closely misses you.
You hit the gnoll.
The gnoll is moderately wounded.
The gnoll barely misses you.
You hit the gnoll but do no damage.
The gnoll is moderately wounded.
The gnoll hits you but does no damage.
You hit the gnoll.
The gnoll is severely wounded.
You hit the gnoll but do no damage.
The gnoll is severely wounded.
The gnoll misses you.
You hit the gnoll.
The gnoll is severely wounded.
The gnoll closely misses you.
A gnoll is nearby!
You hit the gnoll but do no damage.
The gnoll is severely wounded.
The gnoll hits you with a flail!
You hit the gnoll.
You kill the gnoll!
You have reached level 3!
Your experience leads to an increase in your attributes!
Increase (S)trength, (I)ntelligence, or (D)exterity?
You feel agile.
You are feeling hungry.
You see here a flail.
You open the door.
There is an open door here.
There is an open door here.
Done exploring.
Are you sure you want to abandon this character and quit the game? (Confirm with "yes".)

..........# #.############.#
..........# #.#.# ###
..[)......# #.#.# ..........#
#.#.# ..........####.#.#
..........#....#.#
##.######.#...##.#
##'######.#...##.#
.......##.#...##@#
.......'..#...##.#
.......####...##.#
...............#.####
........###.........# ........#
#......##.###########
........###...................#
...).......(...####.#########.#
...............####.# #.#


There were no monsters in sight!

Action                   || total
-------------------------++-------
Melee: Unarmed           ||    87

Notes
Turn   | Place    | Note
--------------------------------------------------------------
     0 | D:1      | Duffy the Demonspawn Transmuter began the quest for the Orb.
     0 | D:1      | Reached XP level 1. HP: 15/15 MP: 3/3
    86 | D:1      | Reached skill level 2 in Transmutations
   120 | D:1      | Reached skill level 3 in Unarmed Combat
   120 | D:1      | Gained mutation: You have a pair of small antennae on your head. [demonic ancestry]
   120 | D:1      | Reached XP level 2. HP: 18/21 MP: 5/5
   981 | D:1      | Reached XP level 3. HP: 17/26 MP: 3/6
  1109 | D:1      | Quit the game

Vault maps used:
D:1:      saegor_arrival_simple_d

Vanquished Creatures
  A gnoll
  A dart slug
  A bat
  A giant cockroach
  4 goblins
  2 hobgoblins
  4 jackals
  A kobold
  2 giant newts
  2 rats
19 creatures vanquished.
